 Dungeon Crawl Stone Soup version 0.31.0-11-ge490571c62 (webtiles) character file.

Game seed: 14782872593390898695

0 Esekla the Grave Robber (level 1, -1/9 HPs)
             Began as a Spriggan Necromancer on Jan 28, 2024.
             Slain by a kobold
             ... wielding a +0 club
              (4 damage)
             ... on level 1 of the Dungeon.
             The game lasted 00:02:00 (220 turns).

Esekla the Grave Robber (Spriggan Necromancer)       Turns: 220, Time: 00:02:01

Health: -1/9       AC:  2    Str:  4    XL:     1   Next: 8%
Magic:  5/5        EV: 17    Int: 16    God:
Gold:   34         SH:  0    Dex: 15    Spells: 4/5 levels left

rFire   . . .        (weapon restricted)
rCold   . . .        (no shield)
rNeg    . . .        a - +0 robe
rPois   .            (helmet restricted)
rElec   .            (no cloak)
rCorr   .            (gloves unavailable)
SInv    +            (boots unavailable)
Will    .....        (no amulet)
Stlth   ++           (no ring)
HPRegen 0.21/turn    (no ring)
MPRegen 0.09/turn

%: no passive effects
@: very quick
A: very small, no large weapons, unfitting armour, see invisible, speed 3
a: no special abilities


You were on level 1 of the Dungeon.
You visited 1 branch of the dungeon, and saw 1 of its levels.

You collected 34 gold pieces.

Inventory:

Armour
 a - a +0 robe (worn)
Potions
 b - a potion of magic
 c - a potion of haste {unknown}


   Skills:
 * Level 2.6 Dodging
 + Level 3.0 Stealth
 * Level 2.6 Spellcasting
 + Level 3.6 Necromancy


You had 4 spell levels left.
You knew the following spells:

 Your Spells              Type           Power      Damage    Failure   Level
a - Necrotise             Necr           52%        1d6       4%          1

Your spell library contained the following spells:

 Spells                   Type           Power      Damage    Failure   Level
 Vampiric Draining        Necr           13%        2d6       13%         3
 Animate Dead             Necr           13%        N/A       41%         4
 Curse of Agony           Necr           13%        N/A       77%         5


Dungeon Overview and Level Annotations

Branches:
Dungeon (1/15)

Altars:


Innate Abilities, Weirdness & Mutations

You are very small and have problems with some larger weapons.
You are too small for most types of armour.
You have supernaturally acute eyesight. (SInv)
You cover ground extremely quickly. (Speed+++)


Message History

The kobold closely misses you.
You hit the kobold but do no damage.
The kobold is moderately wounded.
The kobold closely misses you.
You closely miss the kobold.
The kobold is moderately wounded.
The giant cockroach barely misses you. The kobold misses you.
You hit the kobold.
The kobold is severely wounded.
The giant cockroach misses you. The kobold hits you with a +0 club.
You closely miss the kobold.
The kobold is heavily wounded.
The giant cockroach bites you. The kobold hits you with a +0 club.
The giant cockroach waves its antennae.
The giant cockroach bites you.
You closely miss the kobold.
The kobold is heavily wounded.
The giant cockroach closely misses you. The kobold hits you with a +0 club.
* * * LOW HITPOINT WARNING * * *
You hit the kobold but do no damage.
The kobold is heavily wounded.
The giant cockroach barely misses you. The kobold misses you.
You hit the kobold.
The kobold is severely wounded.
The giant cockroach closely misses you. The kobold completely misses you.
You hit the kobold but do no damage.
The kobold is severely wounded.
The giant cockroach bites you but does no damage.
The kobold barely misses you.
You closely miss the kobold.
The kobold is severely wounded.
The giant cockroach misses you. The kobold barely misses you.
The giant cockroach closely misses you.
You hit the kobold but do no damage.
The kobold is severely wounded.
The giant cockroach misses you. The kobold completely misses you.
You barely miss the kobold.
The kobold is severely wounded.
The giant cockroach closely misses you. The kobold hits you with a +0 club.
You die...

##############
#....K@Bg....#
#.##########.# #.#
#B# #.# #.# #g#
#######.##########
#.................


You could see a giant cockroach, a hobgoblin and a kobold.

Vanquished Creatures
  A frilled lizard (D:1)
1 creature vanquished.

Notes
Turn   | Place    | Note
-------+----------+-------------------------------------------
     0 | D:1      | Esekla the Spriggan Necromancer began the quest for the
                  | Orb.
     0 | D:1      | Reached XP level 1. HP: 9/9 MP: 5/5
   220 | D:1      | Slain by a kobold

Illustrated notes

Levels and vault maps discovered:
D:1:      denvon_arrival_planthouse, layout_basic, minmay_misc_feat_nine_boxes,
          minmay_misc_feat_chi, grunt_decor_arrowhead

Action                     || total
---------------------------++-------
  Melee: Unarmed           ||    15
 Armour: Robe              ||     7
  Dodge: Dodged            ||    18
